[Event "Team 45 45 League T40"]
[Site "Internet Chess Club"]
[Date "2009.02.08"]
[Round "2"]
[White "Frieloe"]
[Black "ddlj81"]
[Result "1/2-1/2"]
[WhiteElo "1875"]
[BlackElo "1850"]
[Opening "Two knights defense (Modern bishop's opening)"]
[ECO "C24"]
[Time "07:03:38"]
[TimeControl "2700+45"]

1. e4 e5 2. Bc4 Nf6 3. d3 Nc6 4. Nf3 Be7 5. Bb3 O-O 6. c3 d5 7. Nbd2 Bg4 8. Qe2
Re8 9. Nf1 d4 10. h3 Bc8 11. Ng3 b6 12. O-O Ba6 13. Rd1 Bf8 14. Nf5 dxc3 15.
bxc3 Na5 16. Bc2 c5 17. Rb1 Qd7 18. Bg5 Qe6 19. c4 Red8 20. Nh2 Nc6 21. Ng4 Ne7
22. Bxf6 gxf6 23. Nge3 Bb7 24. Qh5 Bc6 25. Nxe7+ Bxe7 26. Nf5 Kh8 27. Nh6 Rf8
28. Rf1 Be8 29. f4 exf4 30. Rxf4 f5 31. Nxf5 f6 32. Qh6 Rg8 33. Nxe7 Qxe7 34.
Qxf6+ Qxf6 35. Rxf6 Bh5 36. Rbf1 Rad8 37. g4 Bg6 38. Kg2 Kg7 39. Kg3 h6 40. R1f3
Rd4 41. Kf2 Bxe4 42. dxe4 Rd2+ 43. Kg3 Rxc2 44. Rf7+ Kh8 45. Rxa7 Rxc4 46. Rf6
Rg7 47. Rxh6+ Kg8 48. Rxg7+ Kxg7 49. Rxb6 Rxe4 50. Rc6 Ra4 51. Rxc5 Rxa2 52. h4
Ra3+ 53. Kf4 Kh6 54. h5 Ra1 55. Rc6+ Kg7 56. h6+ Kh7 57. Kg5 Ra5+ 58. Kh4 Ra1
59. Kh5 Rh1+ 60. Kg5 Ra1 61. Rc7+ Kh8 62. Kh5 Ra5+ 63. g5 Kg8 64. Kg4 Ra4+ 65.
Kh5 Ra5 66. Rg7+ Kh8 67. Rf7 Kg8 68. Rf4 Kh7 69. Kg4 Ra7 70. Kh5 Ra5 71. Rf7+
Kg8 72. Rg7+ Kh8 73. Re7 Kg8 74. Kg4 Ra6 75. Kf5 Ra1 76. g6 Rf1+ 77. Ke6 Re1+
78. Kd6 Rd1+ 79. Kc7 Rc1+ 80. Kd6 Rd1+ 81. Kc5 Rc1+ 82. Kd4 Rd1+ 83. Kc3 Rc1+
84. Kd2 Rc8 85. Kd3 Ra8 86. h7+ Kh8 87. Ke4 Ra4+ 88. Kf5 Rf4+ 89. Ke6 Rf6+ 90.
Kd7 Rxg6 {Game drawn by mutual agreement} 1/2-1/2

[Event "Team 45 45 League T40"]
[Site "Internet Chess Club"]
[Date "2009.02.07"]
[Round "2"]
[White "parrot9"]
[Black "LuxAeterna"]
[Result "0-1"]
[WhiteElo "1703"]
[BlackElo "1828"]
[Opening "Caro-Kann: classical variation"]
[ECO "B18"]
[Time "10:15:01"]
[TimeControl "2700+45"]

1. e4 c6 2. d4 d5 3. Nc3 dxe4 4. Nxe4 Bf5 5. Ng3 Bg6 6. Nf3 Nd7 7. Bd3 e6 8. O-O
Ngf6 9. Re1 Bd6 10. Ne5 Qc7 11. f4 O-O-O 12. Be3 Bxd3 13. cxd3 Nb6 14. Ne4 Bb4
15. Nc3 Nfd5 16. Nxd5 Nxd5 17. Bd2 Bxd2 18. Qxd2 f6 19. Nf3 Qxf4 20. Qa5 Ne3 21.
Rac1 Kb8 22. Qb4 Kc8 23. Qa4 Kb8 24. Qb4 Rc8 25. a4 Rhe8 26. a5 a6 27. Qb6 Nd5
28. Qc5 g5 29. Re4 Qc7 30. Nd2 f5 31. Re5 Qe7 32. Qc2 Qb4 33. Nc4 Re7 34. Ra1 c5
35. Ra4 Qb5 36. Nd6 Nb4 37. Qc3 Qxa4 38. Nxc8 Kxc8 39. Rxc5+ Nc6 40. b3 Qa3 41.
Rxc6+ bxc6 42. Qxc6+ Rc7 43. Qxe6+ Kb7 44. Qb6+ Kc8 45. Qxa6+ Kb8 46. Qb6+ Rb7
47. Qd8+ Ka7 48. Qxg5 Qa1+ 49. Kf2 Qxd4+ 50. Qe3 Qxe3+ 51. Kxe3 Rxb3 52. Kd4 Ka6
53. Kc4 Rb2 54. d4 Rxg2 {White resigns} 0-1

[Event "Team 45 45 League T40"]
[Site "Internet Chess Club"]
[Date "2009.02.10"]
[Round "2"]
[White "raimundo"]
[Black "siddhu"]
[Result "1-0"]
[WhiteElo "1683"]
[BlackElo "1760"]
[Opening "QGD Slav: 3.Nf3"]
[ECO "D11"]
[Time "11:29:18"]
[TimeControl "2700+45"]

1. d4 d5 2. c4 c6 3. Nf3 Nf6 4. g3 Bf5 5. Qb3 b6 6. Nc3 e6 7. Bg2 Bd6 8. c5 bxc5
9. Qb7 Qb6 10. Qxa8 O-O 11. dxc5 Bxc5 12. Ne5 Bxf2+ 13. Kf1 Ng4 14. Na4 Qd4 15.
Nxg4 Bxg4 16. Nc3 Qb6 17. a4 Nd7 18. a5 Qa6 19. Qxf8+ Kxf8 20. Kxf2 d4 21. h3
Bh5 22. g4 Bg6 23. Ne4 d3 24. Re1 Qc4 25. exd3 Qxd3 26. Be3 Bxe4 27. Bxe4 Qxe4
28. Bc5+ Nxc5 29. Rxe4 Nxe4+ 30. Kf3 Nd2+ 31. Ke3 Nc4+ 32. Kf4 Nxb2 33. Rb1 Nd3+
34. Ke4 Nc5+ 35. Kd4 Nd7 36. Rb7 e5+ 37. Kc4 Ke7 38. Rxa7 Kd8 39. a6 {Black
resigns} 1-0

[Event "Team 45 45 League T40"]
[Site "Internet Chess Club"]
[Date "2009.02.09"]
[Round "2"]
[White "jesterday"]
[Black "xakelari"]
[Result "0-1"]
[WhiteElo "1973"]
[BlackElo "2076"]
[Opening "Center game: Berger variation"]
[ECO "C22"]
[Time "15:30:13"]
[TimeControl "2700+45"]

1. e4 e5 2. d4 exd4 3. Qxd4 Nc6 4. Qe3 Nf6 5. Nc3 Bb4 6. Bd2 O-O 7. O-O-O Re8 8.
Qg3 Rxe4 9. Bd3 Rg4 10. Qf3 Ne5 11. Qf5 d6 {White resigns} 0-1

[Event "Team 45 45 League T40"]
[Site "Internet Chess Club"]
[Date "2009.02.07"]
[Round "2"]
[White "chipionero"]
[Black "makito"]
[Result "0-1"]
[WhiteElo "1709"]
[BlackElo "1831"]
[Opening "Grünfeld: Russian variation"]
[ECO "D96"]
[Time "12:00:10"]
[TimeControl "2700+45"]

1. d4 Nf6 2. Nf3 g6 3. c4 Bg7 4. Nc3 d5 5. Qb3 c6 6. Bf4 dxc4 7. Qxc4 Be6 8. Qd3
O-O 9. e4 Qa5 10. Be2 Na6 11. O-O Nh5 12. Be3 Rfd8 13. a3 Nc5 14. Qd1 Bb3 15.
Qc1 Ne6 16. e5 f5 17. Nd2 Bd5 18. f4 Bh6 19. Nxd5 Qxd5 20. Bc4 Qd7 21. g3 Kh8
22. Bxe6 Qxe6 23. Nf3 Rd5 24. Qc2 Ng7 25. Rfd1 Qd7 26. Rd2 Ne6 27. Rad1 Rd8 28.
b4 Kg8 29. a4 a6 30. a5 Nc7 31. Rd3 Bf8 32. Qc4 e6 33. Nd2 Qe7 34. Rb1 Rb5 35.
Rdb3 Nd5 36. Bf2 Kf7 37. Nf3 h6 38. Be1 Nc7 39. h4 Rbd5 40. Rd3 Nb5 41. Rbd1 Qd7
42. Bf2 c5 43. bxc5 Bxc5 44. Kf1 Be7 45. Ke2 Rc8 46. Qb3 Qc7 47. Be1 Qc2+ 48.
Qxc2 Rxc2+ 49. Ke3 Na3 50. Rc3 Rxc3+ 51. Bxc3 Nc4+ 52. Kd3 Nxa5 53. Rb1 Ke8 54.
Bxa5 Rxa5 55. Rxb7 Ra3+ 56. Ke2 a5 57. Ra7 a4 58. Ra6 Kf7 59. Ra7 Ra2+ 60. Kf1
a3 61. Ne1 Rd2 62. Nf3 Rb2 63. Ne1 a2 64. Ra4 Bb4 {White resigns} 0-1

[Event "Team 45 45 League T40"]
[Site "Internet Chess Club"]
[Date "2009.02.06"]
[Round "2"]
[White "besonegro"]
[Black "IceBox"]
[Result "1-0"]
[WhiteElo "1729"]
[BlackElo "1707"]
[Opening "Queen's bishop game"]
[ECO "D02"]
[Time "17:02:14"]
[TimeControl "2700+45"]

1. d4 d5 2. Nf3 Nf6 3. Bf4 e6 4. e3 Be7 5. Bd3 Nbd7 6. c3 Nh5 7. Bg3 O-O 8. Nbd2
c5 9. Ne5 Nhf6 10. Ndf3 Ne4 11. Qe2 f6 12. Nxd7 Bxd7 13. Nd2 Ng5 14. O-O f5 15.
f3 Qb6 16. Rab1 Rae8 17. Bf2 cxd4 18. exd4 Bd6 19. Bh4 Nf7 20. Kh1 Qc7 21. h3 e5
22. dxe5 Nxe5 23. Bc2 Ng4 24. Qd3 Ne3 25. Rfe1 Nxc2 26. Qxc2 Bg3 27. Bxg3 Qxg3
28. Rxe8 Rxe8 29. Qd3 Bc6 30. Nb3 Qf2 31. Nd4 Re1+ 32. Rxe1 Qxe1+ 33. Kh2 Qe5+
34. g3 f4 35. Qe2 fxg3+ 36. Kg2 Qxe2+ 37. Nxe2 Kf7 38. Kxg3 Kf6 39. f4 Kf5 40.
Nd4+ Ke4 41. Ne6 g6 42. Nf8 d4 43. cxd4 Kxd4 44. Nxh7 Kd3 45. Nf6 Kc2 46. b4 Kb2
47. Kg4 Bb5 48. Kg5 Bd3 49. Ng4 Kxa2 50. Ne5 Bc2 51. Nxg6 Kb3 52. h4 Kxb4 53. h5
a5 54. h6 a4 55. h7 b5 56. h8=Q Kb3 57. Qa1 Kc4 58. Ne5+ Kd5 59. Qb2 Bd3 {Black
resigns} 1-0

[Event "Team 45 45 League T40"]
[Site "Internet Chess Club"]
[Date "2009.02.07"]
[Round "2"]
[White "egd01"]
[Black "Orinal"]
[Result "0-1"]
[WhiteElo "1514"]
[BlackElo "1481"]
[Opening "Ruy Lopez: Marshall, main line, 12.d2d4"]
[ECO "C89"]
[Time "04:11:07"]
[TimeControl "2700+45"]

1. e4 e5 2. Nf3 Nc6 3. Bb5 a6 4. Ba4 b5 5. Bb3 Nf6 6. O-O Be7 7. Re1 O-O 8. c3
d5 9. exd5 Nxd5 10. Nxe5 Nxe5 11. Rxe5 c6 12. d4 Bd6 13. Rh5 g6 14. Rh6 Re8 15.
Bxd5 cxd5 16. Be3 Bf8 17. Nd2 Bxh6 18. Bxh6 Qf6 19. Nf3 Bg4 20. Be3 Bxf3 21.
gxf3 Re6 22. Qd2 Qxf3 23. Re1 Rae8 24. b3 Re4 25. Kf1 Rh4 26. Kg1 Ree4 27. Bh6
Rhg4+ 28. Kf1 Qh1# {White checkmated} 0-1

[Event "Team 45 45 League T40"]
[Site "Internet Chess Club"]
[Date "2009.02.07"]
[Round "2"]
[White "Ptzz"]
[Black "SlimeDog2"]
[Result "0-1"]
[WhiteElo "2107"]
[BlackElo "2176"]
[Opening "King's Indian: orthodox, Aronin-Taimanov, bayonet attack"]
[ECO "E97"]
[Time "14:00:39"]
[TimeControl "2700+45"]

1. d4 Nf6 2. c4 g6 3. Nc3 Bg7 4. e4 d6 5. Nf3 O-O 6. Be2 Nc6 7. O-O e5 8. d5 Ne7
9. b4 a5 10. Ba3 Nd7 11. c5 axb4 12. cxd6 bxa3 13. dxe7 Qxe7 14. Qb3 Nc5 15. Qc2
f5 16. Bc4 Kh8 17. Nd2 Bd7 18. Nb5 c6 19. Nc3 Rac8 20. Rab1 fxe4 21. Ndxe4 Nxe4
22. Qxe4 Bf5 23. Qe3 Bxb1 24. Rxb1 cxd5 25. Bxd5 Qc5 {White resigns} 0-1

[Event "Team 45 45 League T40"]
[Site "Internet Chess Club"]
[Date "2009.02.08"]
[Round "2"]
[White "GeofDeV"]
[Black "mitus"]
[Result "1-0"]
[WhiteElo "1932"]
[BlackElo "1875"]
[Opening "Nimzo-Indian: 4.e3 O-O, 5.Bd3"]
[ECO "E47"]
[Time "09:01:54"]
[TimeControl "2700+45"]

1. d4 Nf6 2. c4 e6 3. Nc3 Bb4 4. e3 O-O 5. Bd3 Bxc3+ 6. bxc3 d6 7. Nf3 Nbd7 8.
O-O e5 9. e4 h6 10. h3 Re8 11. Qc2 c5 12. Be3 b6 13. a4 Bb7 14. Nd2 Qe7 15. f3
Nh5 16. a5 Qh4 17. Rf2 Nf4 18. Bxf4 Qxf4 19. Re2 Nf6 20. Qa4 Bc8 21. Qc6 Bxh3
22. gxh3 Nh5 23. axb6 Rac8 24. Qxd6 Re6 25. Qd7 Rg6+ 26. Kf1 Rf8 27. bxa7 Qg3
28. Qg4 Rxg4 29. hxg4 Nf4 30. a8=Q Qh3+ 31. Ke1 Nxd3+ 32. Kd1 Rb8 {Black
resigns} 1-0

[Event "Team 45 45 League T40"]
[Site "Internet Chess Club"]
[Date "2009.02.08"]
[Round "2"]
[White "MRX"]
[Black "taulanipov"]
[Result "0-1"]
[WhiteElo "1703"]
[BlackElo "2063"]
[Opening "French: advance, Milner-Barry gambit"]
[ECO "C02"]
[Time "10:05:34"]
[TimeControl "2700+45"]

1. e4 e6 2. d4 d5 3. e5 c5 4. c3 Nc6 5. Nf3 Qb6 6. Bd3 Bd7 7. O-O cxd4 8. cxd4
Nxd4 9. Nxd4 Qxd4 10. Nc3 Qxe5 11. Re1 Qb8 12. Nxd5 Bd6 13. Qg4 Kf8 14. Bd2 h5
15. Qh3 Nh6 16. Ne3 Kg8 17. Bc3 Be5 18. Bxe5 Qxe5 19. Nc4 Qc7 20. Ne5 Rc8 21.
Qxh5 Bc6 22. Rac1 Qa5 23. Nxc6 Qxh5 24. Ne7+ Kf8 25. Rxc8+ Kxe7 26. Rxh8 Qa5 27.
Rc1 Qd2 28. Rhc8 Qxd3 29. R8c7+ Kf6 30. Rxb7 Qa6 31. Rcc7 Qxa2 32. h3 Qb1+ 33.
Kh2 a5 34. Rc5 Qe1 35. Rc3 Kg6 36. Rg3+ Kh7 37. Rf3 Qe5+ 38. Kg1 a4 39. Ra7 Qd4
40. Rb7 e5 41. b4 e4 42. Ra3 f5 43. g3 f4 44. gxf4 Nf5 45. Rb5 Qd1+ 46. Kh2 Nd4
47. Ra5 Nf3+ 48. Kg3 Qg1# {White checkmated} 0-1

[Event "Team 45 45 League T40"]
[Site "Internet Chess Club"]
[Date "2009.02.09"]
[Round "2"]
[White "Marichan"]
[Black "AntonioMendonca"]
[Result "1/2-1/2"]
[WhiteElo "1782"]
[BlackElo "1691"]
[Opening "Sicilian: Hungarian variation"]
[ECO "B27"]
[Time "15:54:26"]
[TimeControl "2700+45"]

1. e4 c5 2. Nf3 g6 3. d4 Bg7 4. Bc4 cxd4 5. Nxd4 Qc7 6. Qd3 Nc6 7. Nxc6 dxc6 8.
O-O Nf6 9. h3 O-O 10. Nc3 Rd8 11. Qf3 Qa5 12. Be3 Be6 13. Bxe6 fxe6 14. Rad1 Qb4
15. Rb1 Nd7 16. a3 Qc4 17. Bg5 Bf6 18. Qe3 b6 19. Rbd1 Bxc3 20. Qxc3 Qxc3 21.
bxc3 Kf7 22. Rd4 Nc5 23. f3 e5 24. Rdd1 Ne6 25. Be3 Rd6 26. Rd3 Nf4 27. Bxf4
exf4 28. Kf2 Rad8 29. Rfd1 Rxd3 30. Rxd3 Rxd3 31. cxd3 e5 32. d4 Ke6 33. Ke2 g5
34. Kd3 h5 35. dxe5 Kxe5 36. Kc4 a5 37. a4 Kd6 38. Kd4 b5 39. axb5 cxb5 40. Kd3
Ke5 41. Kc2 g4 42. Kd2 g3 {Game drawn by mutual agreement} 1/2-1/2

[Event "Team 45 45 League T40"]
[Site "Internet Chess Club"]
[Date "2009.02.07"]
[Round "2"]
[White "eurander"]
[Black "RiverOfLife"]
[Result "1/2-1/2"]
[WhiteElo "2219"]
[BlackElo "2088"]
[Opening "Queen's pawn game"]
[ECO "A46"]
[Time "12:08:04"]
[TimeControl "2700+45"]

1. d4 Nf6 2. Nf3 c5 3. c3 e6 4. Bg5 d5 5. e3 Be7 6. Bd3 Nc6 7. Nbd2 O-O 8. O-O
c4 9. Bc2 b5 10. a3 a5 11. e4 Ba6 12. exd5 Nxd5 13. Bxe7 Qxe7 14. Ne4 b4 15.
axb4 axb4 16. Nc5 Bb5 17. Qd2 e5 18. Rxa8 Rxa8 19. Be4 exd4 20. Bxd5 Qxc5 21.
Qg5 Qd6 22. Bxf7+ Kxf7 23. Qxb5 Ra5 24. Qxc4+ Qd5 25. Qxd5+ Rxd5 26. Rd1 d3 27.
Ne1 bxc3 28. bxc3 Ne5 29. f4 d2 30. fxe5 dxe1=Q+ 31. Rxe1 Rd3 32. Rc1 Ke6 33.
Kf2 Rd2+ 34. Kf3 Kxe5 35. c4 Kd6 36. h3 Kc5 37. Re1 Rd7 38. Re4 g6 39. Kf4 Rd2
40. Kg3 Rd3+ 41. Kh4 Rd2 42. Rg4 Rd3 43. g3 Rc3 44. Re4 h6 45. Re6 g5+ 46. Kg4
Rxc4+ 47. Kf5 Rc3 48. Kg4 Rc4+ 49. Kh5 Rc3 50. Rxh6 Rxg3 51. Kg6 g4 52. hxg4
{Game drawn by mutual agreement} 1/2-1/2

[Event "Team 45 45 League T40"]
[Site "Internet Chess Club"]
[Date "2009.02.09"]
[Round "2"]
[White "LAJ"]
[Black "pestka"]
[Result "1/2-1/2"]
[WhiteElo "1896"]
[BlackElo "2221"]
[Opening "Sicilian: Alapin's variation (2.c3)"]
[ECO "B22"]
[Time "07:00:17"]
[TimeControl "2700+45"]

1. e4 c5 2. c3 Nf6 3. e5 Nd5 4. d4 cxd4 5. Nf3 Nc6 6. Bc4 Nb6 7. Bb3 d6 8. exd6
Qxd6 9. O-O Be6 10. Na3 dxc3 11. Qe2 Bxb3 12. Nb5 Qb8 13. axb3 e5 14. Nbd4 f6
15. bxc3 Be7 16. Nxc6 bxc6 17. Qe4 Qd6 18. c4 O-O 19. Be3 Qc7 20. Rfd1 Rfd8 21.
Qg4 Rxd1+ 22. Rxd1 Rd8 23. Rxd8+ Qxd8 24. Nh4 Bf8 25. Qe6+ Kh8 26. Ng6+ hxg6 27.
Qh3+ Kg8 28. Qe6+ {Game drawn by mutual agreement} 1/2-1/2

[Event "Team 45 45 League T40"]
[Site "Internet Chess Club"]
[Date "2009.02.08"]
[Round "2"]
[White "tourettes"]
[Black "Rlopez"]
[Result "1-0"]
[WhiteElo "1754"]
[BlackElo "1723"]
[Opening "Sicilian: closed"]
[ECO "B24"]
[Time "13:01:36"]
[TimeControl "2700+45"]

1. e4 c5 2. Nc3 Nc6 3. g3 g6 4. Bg2 Bg7 5. Nge2 d6 6. O-O e6 7. d3 Nge7 8. f4 f5
9. h3 O-O 10. Kh2 Rb8 11. Nb1 Qd7 12. c3 b5 13. g4 Kh8 14. Ng3 Bb7 15. Be3 b4
16. d4 cxd4 17. cxd4 Ba8 18. Qa4 Rfd8 19. Rd1 d5 20. e5 Qb7 21. Nd2 Kg8 22. Bf1
Kf7 23. Nb3 Ng8 24. Rac1 fxg4 25. hxg4 Nh6 26. Kh3 Ng8 27. Nc5 Qe7 28. Bb5 Rdc8
29. Ba6 Rc7 30. Rf1 Qd8 31. f5 exf5 32. gxf5 gxf5 33. Rxf5+ Ke8 34. Ne6 Qd7 35.
Nxc7+ Qxc7 36. Be2 Ne7 37. Bh5+ Kd8 38. Rf7 Bxe5 39. Rf8+ Kd7 40. Bg4+ Kd6 41.
dxe5+ Kxe5 42. Bf4+ {Black resigns} 1-0

[Event "Team 45 45 League T40"]
[Site "Internet Chess Club"]
[Date "2009.02.09"]
[Round "2"]
[White "hondocando"]
[Black "vollmerj"]
[Result "1-0"]
[WhiteElo "1751"]
[BlackElo "1778"]
[Opening "Alekhine's defense: Scandinavian variation"]
[ECO "B02"]
[Time "18:02:08"]
[TimeControl "2700+45"]

1. e4 Nf6 2. Nc3 d5 3. e5 Nfd7 4. d4 e6 5. a3 c5 6. Nf3 cxd4 7. Qxd4 Nc6 8. Qf4
Be7 9. Qg3 g6 10. Bd3 O-O 11. Bh6 Re8 12. O-O a6 13. Kh1 b5 14. Rae1 Bf8 15.
Bxf8 Rxf8 16. Qf4 f6 17. exf6 Qxf6 18. Qd6 Nd8 19. Re2 Nb7 20. Qxe6+ Qxe6 21.
Rxe6 Ndc5 22. Re7 Nxd3 23. cxd3 Nc5 24. d4 Nd3 25. Nxd5 Bg4 26. Ne5 Be2 27. Rb1
Nxe5 28. dxe5 Bc4 29. Nf6+ Rxf6 30. exf6 Rf8 31. Rd1 Rxf6 32. Rd8+ Rf8 33. Rxf8+
Kxf8 34. Rxh7 a5 35. Rb7 a4 36. Kg1 Kg8 37. f4 Bd3 38. Kf2 Bc4 39. g4 Kf8 40.
Ke3 Kg8 41. h4 Bf1 42. Kd4 Kf8 43. Ke5 Kg8 44. Kf6 Bd3 45. g5 Kh8 46. Rg7 Be4
47. Rxg6 Bxg6 48. Kxg6 Kg8 49. f5 Kf8 50. f6 b4 51. axb4 a3 52. bxa3 Kg8 53. b5
Kf8 54. b6 Ke8 55. h5 Kd7 {Black resigns} 1-0